| 
	| TOP OF THE 1ST | 
|---|
 
		| Helena Brewers batting - Pitching for Ogden Raptors : RHP Ian Wilson |  
		| Pitching: RHP Ian Wilson |  |  
		| Batting: RHB Nick Cummings | 0-0: Ball 1-0: Ball
 2-0: Ball
 3-0: Called Strike
 3-1: Called Strike
 3-2: Base on Balls
 |  
		| Batting: SHB Mike Williams | 0-0: Ball Nick Cummings steals 2nd base
 1-0: Ball
 2-0: Swinging Strike
 2-1: Swinging Strike
 2-2: Ball
 Wild Pitch!
 Nick Cummings to third
 3-2: Strikes out swinging
 |  
		| Batting: LHB Gabe Harvey | 0-0: Called Strike 0-1: Foul Ball, location: 2F
 0-2: Ball
 1-2: Foul Ball, location: 2F
 1-2: Strikes out swinging
 |  
		| Batting: SHB Craig Wright | 0-0: SINGLE  (Groundball, 6MD, EV 103.1 MPH) Nick Cummings scores
 |  
		| Batting: RHB Ben Taylor | 0-0: Ball 1-0: Swinging Strike
 1-1: SINGLE  (Groundball, 6MD, EV 95.0 MPH)
 Craig Wright to second
 |  
		| Pitching: RHP Cory Fischer |  |  
		| Batting: LHB Pablo Cardona | 0-0: Ball Wild Pitch!
 Craig Wright to third
 Ben Taylor to second
 1-0: Called Strike
 1-1:  Fly out, F9  (Flyball, 9LM, EV 90.6 MPH)
 |  
		| Top of the 1st over - 1 run, 2 hits, 0 errors, 2 left on base; Helena 1 - Ogden 0 |  
	| BOTTOM OF THE 1ST | 
|---|
 
		| Ogden Raptors batting - Pitching for Helena Brewers : LHP Juan Gonzalez |  
		| Pitching: LHP Juan Gonzalez |  |  
		| Batting: SHB Darius Vinson | 0-0: Ball 1-0: Foul Ball, location: 2F
 1-1: Called Strike
 1-2: Foul Ball, location: 2F
 1-2: Ball
 2-2: Strikes out swinging
 |  
		| Batting: LHB Santiago Chavira | 0-0: Ball 1-0: Foul Ball, location: 2F
 1-1: Foul Ball, location: 2F
 1-2: SINGLE  (Line Drive, 56, EV 100.0 MPH)
 |  
		| Batting: RHB Junro Kato | 0-0:  Fly out, F8  (Flyball, 8RD, EV 93.8 MPH) |  
		| Batting: LHB Mike Dickinson | 0-0: Ball 1-0: Ball
 2-0: Ball
 3-0: Called Strike
 3-1: SINGLE  (Groundball, 34D, EV 98.1 MPH)
 Santiago Chavira to second
 Runner from 2nd tries for 3rd, OUT! 9-5
 |  
		| Bottom of the 1st over - 0 runs, 2 hits, 0 errors, 1 left on base; Helena 1 - Ogden 0 |  
	| TOP OF THE 2ND | 
|---|
 
		| Helena Brewers batting - Pitching for Ogden Raptors : RHP Cory Fischer |  
		| Batting: RHB Dustin Pryor | 0-0: Called Strike 0-1: Called Strike
 0-2: Foul Ball, location: 2F
 0-2: Ball
 1-2: Ground out U3 (Groundball, 34, EV 92.5 MPH)
 |  
		| Batting: LHB Umar Matoub | 0-0: Ball 1-0: Ball
 2-0: Foul Ball, location: 2F
 2-1: Ball
 3-1: SINGLE  (Line Drive, 8LS, EV 109.4 MPH)
 |  
		| Batting: RHB Jonathan Sarles | 0-0: Ball 1-0: Called Strike
 1-1: Swinging Strike
 1-2:  2-RUN HOME RUN  (Flyball, 7LD, EV 95.0 MPH), Distance : 363 ft
 |  
		| Batting: RHB Nick Cummings | 0-0: Ball 1-0: Ball
 2-0: Ball
 3-0: Base on Balls
 |  
		| Pitching: RHP Victor Delgado |  |  
		| Batting: SHB Mike Williams | 0-0: Ball Nick Cummings steals 2nd base
 1-0: Foul Ball, location: 2F
 1-1: Swinging Strike
 1-2: Ground out 5-3 (Groundball, 5, EV 88.8 MPH)
 |  
		| Batting: LHB Gabe Harvey | 0-0:  Fly out, F8  (Flyball, 78M, EV 80.0 MPH) |  
		| Top of the 2nd over - 2 runs, 2 hits, 0 errors, 1 left on base; Helena 3 - Ogden 0 |  
	| BOTTOM OF THE 2ND | 
|---|
 
		| Ogden Raptors batting - Pitching for Helena Brewers : LHP Juan Gonzalez |  
		| Batting: LHB Mitchell Casey | 0-0: Called Strike 0-1: Ball
 1-1: Ball
 2-1: Ball
 3-1: Base on Balls
 |  
		| Batting: LHB Stephen Van Raalte | 0-0: Called Strike 0-1: Called Strike
 0-2: Ball
 1-2: Strikes out swinging
 |  
		| Batting: RHB Kevin Ezell | 0-0: Called Strike 0-1: Grounds into double play, 6-4-3 (Groundball, 6M, EV 108.8 MPH)
 |  
		| Bottom of the 2nd over - 0 runs, 0 hits, 0 errors, 0 left on base; Helena 3 - Ogden 0 |  
	| TOP OF THE 3RD | 
|---|
 
		| Helena Brewers batting - Pitching for Ogden Raptors : RHP Victor Delgado |  
		| Batting: SHB Craig Wright | 0-0: Ball 1-0: Ground out 6-3 (Groundball, 6, EV 103.1 MPH)
 |  
		| Batting: RHB Ben Taylor | 0-0: Called Strike 0-1: Ball
 1-1: Foul Ball, location: 2F
 1-2: DOUBLE  (Groundball, 3L, EV 100.6 MPH)
 |  
		| Batting: LHB Pablo Cardona | 0-0: Swinging Strike 0-1: Ball
 1-1: Ball
 2-1: SINGLE  (Line Drive, 6MD, EV 108.8 MPH)
 Ben Taylor to third
 |  
		| Batting: RHB Dustin Pryor | 0-0: Called Strike Pablo Cardona steals 2nd base
 0-1: Ball
 1-1: Called Strike
 1-2: Foul Ball, location: 2F
 1-2: SINGLE  (Groundball, 56D, EV 99.4 MPH)
 Ben Taylor scores
 Pablo Cardona to third
 |  
		| Pitching: RHP Charles Durand |  |  
		| Batting: LHB Umar Matoub | 0-0: Called Strike Dustin Pryor steals 2nd base
 0-1: Ball
 Wild Pitch!
 Pablo Cardona scores
 Dustin Pryor to third
 1-1: Ground out 3-1 (Groundball, 34, EV 85.0 MPH)
 Dustin Pryor scores
 |  
		| Batting: RHB Jonathan Sarles | 0-0: Called Strike 0-1: Swinging Strike
 0-2:  Fly out, F9  (Flyball, 9LS, EV 91.2 MPH)
 |  
		| Top of the 3rd over - 3 runs, 3 hits, 0 errors, 0 left on base; Helena 6 - Ogden 0 |  
	| BOTTOM OF THE 3RD | 
|---|
 
		| Ogden Raptors batting - Pitching for Helena Brewers : LHP Juan Gonzalez |  
		| Batting: RHB Luis Hinostroza | 0-0: Ball 1-0: Ground out 5-3 (Groundball, 56, EV 99.4 MPH)
 |  
		| Batting: SHB Josh Vaill | 0-0: Ball 1-0: Called Strike
 1-1: Swinging Strike
 1-2: Strikes out swinging
 |  
		| Batting: SHB Darius Vinson | 0-0: Ball 1-0: Foul Ball, location: 2F
 1-1: Ball
 2-1: Ball
 3-1: Swinging Strike
 3-2: Base on Balls
 |  
		| Batting: LHB Santiago Chavira | 0-0: Called Strike 0-1:  Fly out, F6  (Flyball, 6D, EV 90.0 MPH)
 |  
		| Bottom of the 3rd over - 0 runs, 0 hits, 0 errors, 1 left on base; Helena 6 - Ogden 0 |  
	| TOP OF THE 4TH | 
|---|
 
		| Helena Brewers batting - Pitching for Ogden Raptors : RHP Charles Durand |  
		| Batting: RHB Nick Cummings | 0-0: Ground out 6-3 (Groundball, 6, EV 80.6 MPH) |  
		| Now at 2B: Gary Ming |  |  
		| Now at SS: Luis Hinostroza |  |  
		| Batting: SHB Mike Williams | 0-0: Foul Ball, location: 2F 0-1: SINGLE  (Flyball, 7S, EV 86.9 MPH)
 |  
		| Batting: LHB Gabe Harvey | 0-0: Called Strike 0-1: Ball
 1-1: Called Strike
 Mike Williams steals 2nd, throwing error, E2
 Mike Williams to third
 1-2: Strikes out swinging
 |  
		| Batting: SHB Craig Wright | 0-0: Ball 1-0: Ball
 2-0: Called Strike
 2-1: Ball
 3-1: Base on Balls
 |  
		| Pitching: RHP Nick Vigh |  |  
		| Batting: RHB Ben Taylor | 0-0: Called Strike 0-1: Foul Ball, location: 2F
 0-2: Strikes out swinging
 |  
		| Top of the 4th over - 0 runs, 1 hit, 1 error, 2 left on base; Helena 6 - Ogden 0 |  
	| BOTTOM OF THE 4TH | 
|---|
 
		| Ogden Raptors batting - Pitching for Helena Brewers : LHP Juan Gonzalez |  
		| Batting: RHB Junro Kato | 0-0:  Fly out, F9  (Flyball, 89M, EV 95.6 MPH) |  
		| Batting: LHB Mike Dickinson | 0-0: Ground out 5-3 (Groundball, 56S, EV 86.2 MPH) |  
		| Batting: LHB Mitchell Casey | 0-0: Hit by Pitch |  
		| Batting: LHB Stephen Van Raalte | 0-0: Ball 1-0: Called Strike
 1-1: Foul Ball, location: 2F
 1-2: Ball
 2-2: Ball
 3-2: SINGLE  (Groundball, 56D, EV 108.8 MPH)
 Mitchell Casey to second
 Mitchell Casey to third
 |  
		| Batting: RHB Kevin Ezell | 0-0: Ball 1-0: Ball
 2-0: Foul Ball, location: 2F
 2-1: SINGLE  (Groundball, 4MD, EV 103.8 MPH)
 Mitchell Casey scores
 Stephen Van Raalte to second
 |  
		| Batting: RHB Luis Hinostroza | 0-0: Called Strike 0-1: Ball
 1-1: Called Strike
 1-2: Strikes out swinging
 |  
		| Bottom of the 4th over - 1 run, 2 hits, 0 errors, 2 left on base; Helena 6 - Ogden 1 |  
	| TOP OF THE 5TH | 
|---|
 
		| Helena Brewers batting - Pitching for Ogden Raptors : RHP Nick Vigh |  
		| Batting: LHB Pablo Cardona | 0-0: Ball 1-0: Ball
 2-0: Called Strike
 2-1: Ball
 3-1: SINGLE  (Line Drive, 78S, EV 91.2 MPH)
 |  
		| Batting: RHB Dustin Pryor | 0-0: Ball Pablo Cardona steals 2nd base
 1-0: Ball
 2-0: Called Strike
 2-1: Foul Ball, location: 2F
 2-2: Ball
 3-2: Ground out 5-3 (Groundball, 5S, EV 69.4 MPH)
 Pablo Cardona to third
 |  
		| Batting: LHB Umar Matoub | 0-0: Ground out 4-3 (Groundball, 4, EV 78.8 MPH) Pablo Cardona scores
 |  
		| Batting: RHB Jonathan Sarles | 0-0: Ball 1-0: Foul Ball, location: 2F
 1-1: SINGLE  (Flyball, 5D, EV 88.8 MPH)
 |  
		| Pitching: RHP Justin Donovan |  |  
		| Batting: RHB Nick Cummings | 0-0: Called Strike 0-1: Ball
 1-1: Foul Ball, location: 2F
 1-2: Strikes out swinging
 |  
		| Top of the 5th over - 1 run, 2 hits, 0 errors, 1 left on base; Helena 7 - Ogden 1 |  
	| BOTTOM OF THE 5TH | 
|---|
 
		| Ogden Raptors batting - Pitching for Helena Brewers : LHP Juan Gonzalez |  
		| Batting: SHB Josh Vaill | 0-0: Ball 1-0: Swinging Strike
 1-1: Swinging Strike
 1-2: Strikes out looking
 |  
		| Batting: SHB Darius Vinson | 0-0: Ball 1-0: Ball
 2-0: Ball
 3-0: Base on Balls
 |  
		| Batting: RHB Gary Ming | 0-0: Fielders Choice at 2nd, 5-4 (Groundball, 5, EV 81.9 MPH) |  
		| Batting: RHB Junro Kato | 0-0: Foul Ball, location: 2F 0-1: Called Strike
 0-2: Ball
 Passed Ball!
 Gary Ming to second
 1-2: Ball
 2-2: Strikes out swinging
 |  
		| Bottom of the 5th over - 0 runs, 0 hits, 0 errors, 1 left on base; Helena 7 - Ogden 1 |  
	| TOP OF THE 6TH | 
|---|
 
		| Helena Brewers batting - Pitching for Ogden Raptors : RHP Justin Donovan |  
		| Batting: SHB Mike Williams | 0-0:  Fly out, F8  (Flyball, 8LXD, EV 89.4 MPH) |  
		| Batting: LHB Gabe Harvey | 0-0:  SOLO HOME RUN  (Flyball, 9D, EV 100.0 MPH), Distance : 376 ft |  
		| Batting: SHB Craig Wright | 0-0: Swinging Strike 0-1: Ball
 1-1: DOUBLE  (Line Drive, 7LM, EV 113.1 MPH)
 |  
		| Batting: RHB Ben Taylor | 0-0: Ball 1-0: Foul Ball, location: 2F
 1-1: SINGLE  (Groundball, 6D, EV 107.5 MPH)
 Craig Wright to third
 Runner from 3rd tries for Home, SAFE, throw by LF to home
 |  
		| Batting: LHB Pablo Cardona | 0-0: Ball 1-0: Called Strike
 1-1: Ball
 Wild Pitch!
 Ben Taylor to second
 2-1: Ball
 3-1: Base on Balls
 |  
		| Batting: RHB Dustin Pryor | 0-0: Called Strike 0-1: Swinging Strike
 0-2: Strikes out swinging
 |  
		| Pitching: RHP Ramon Luna |  |  
		| Batting: LHB Umar Matoub | 0-0: Ball 1-0: Ball
 2-0: Ball
 3-0: Base on Balls
 Ben Taylor to third
 Pablo Cardona to second
 |  
		| Batting: RHB Jonathan Sarles | 0-0: Swinging Strike 0-1: Called Strike
 0-2: Strikes out swinging
 |  
		| Top of the 6th over - 2 runs, 3 hits, 0 errors, 3 left on base; Helena 9 - Ogden 1 |  
	| BOTTOM OF THE 6TH | 
|---|
 
		| Ogden Raptors batting - Pitching for Helena Brewers : LHP Juan Gonzalez |  
		| Batting: LHB Mike Dickinson | 0-0: Ball 1-0: Foul Ball, location: 2F
 1-1: Called Strike
 1-2: Ball
 2-2: Ball
 3-2: Foul Ball, location: 2F
 3-2: Ground out 6-3 (Groundball, 6S, EV 66.9 MPH)
 |  
		| Pitching: RHP Addick Huiberts |  |  
		| Batting: LHB Mitchell Casey | 0-0: Swinging Strike 0-1: Swinging Strike
 0-2: Ball
 1-2: Strikes out swinging
 |  
		| Batting: LHB Stephen Van Raalte | 0-0: Ball 1-0: Ball
 2-0: Ball
 3-0: Called Strike
 3-1: Base on Balls
 |  
		| Batting: RHB Kevin Ezell | 0-0: Called Strike 0-1: Foul Ball, location: 2F
 0-2: Ball
 1-2: Strikes out looking
 |  
		| Bottom of the 6th over - 0 runs, 0 hits, 0 errors, 1 left on base; Helena 9 - Ogden 1 |  
	| TOP OF THE 7TH | 
|---|
 
		| Helena Brewers batting - Pitching for Ogden Raptors : RHP Ramon Luna |  
		| Batting: RHB Nick Cummings | 0-0: Called Strike 0-1: Ball
 1-1: Ball
 2-1: Ball
 3-1: Called Strike
 3-2: Base on Balls
 |  
		| Batting: SHB Mike Williams | 0-0: Ball 1-0: DOUBLE  (Line Drive, 7LD, EV 103.8 MPH)
 Nick Cummings to third
 |  
		| Batting: LHB Gabe Harvey | 0-0: Ball 1-0: Called Strike
 1-1: Swinging Strike
 1-2: SINGLE  (Flyball, 3D, EV 86.2 MPH)
 Nick Cummings scores
 Mike Williams to third
 |  
		| Batting: SHB Craig Wright | 0-0: Called Strike 0-1: Ball
 1-1: TRIPLE  (Groundball, 3L, EV 101.9 MPH)
 Mike Williams scores
 Gabe Harvey scores
 |  
		| Pitching: RHP Bob Magana |  |  
		| Batting: RHB Ben Taylor | 0-0:  Fly out, F8  (Flyball, 8RXD, EV 94.4 MPH) Runner from 3rd tags up, SCORES, no throw by CF
 |  
		| Batting: LHB Pablo Cardona | 0-0: Ball 1-0: Foul Ball, location: 2F
 1-1: Ball
 2-1: Ball
 3-1: Swinging Strike
 3-2: Base on Balls
 |  
		| Batting: RHB Dustin Pryor | 0-0: Called Strike 0-1: Ball
 1-1: Called Strike
 1-2: Ball
 2-2: Fielders Choice at 2nd, 6-4 (Groundball, 6, EV 106.9 MPH)
 |  
		| Batting: LHB Umar Matoub | 0-0: Called Strike 0-1: Ball
 1-1: Ball
 2-1: Foul Ball, location: 2F
 2-2: SINGLE  (Flyball, 4MD, EV 88.8 MPH)
 Dustin Pryor to second
 |  
		| Pinch Hitting: RHB Juan Villanueva | 0-0:  Fly out, F7  (Line Drive, 7, EV 88.8 MPH) |  
		| Top of the 7th over - 4 runs, 4 hits, 0 errors, 2 left on base; Helena 13 - Ogden 1 |  
	| BOTTOM OF THE 7TH | 
|---|
 
		| Ogden Raptors batting - Pitching for Helena Brewers : RHP Addick Huiberts |  
		| Now at 3B: Craig Wright |  |  
		| Now at SS: Juan Villanueva |  |  
		| Batting: RHB Luis Hinostroza | 0-0: Foul Ball, location: 2F 0-1: Foul Ball, location: 2F
 0-2: Foul Ball, location: 2F
 0-2: Ball
 1-2: Strikes out swinging
 |  
		| Batting: SHB Josh Vaill | 0-0: Swinging Strike 0-1: Swinging Strike
 0-2: Ball
 1-2: Ball
 2-2: Foul Ball, location: 2F
 2-2: Ground out 4-3 (Groundball, 4, EV 77.5 MPH)
 |  
		| Batting: SHB Darius Vinson | 0-0: Ball 1-0: Foul Ball, location: 2F
 1-1: DOUBLE  (Groundball, 5L, EV 111.2 MPH)
 |  
		| Batting: RHB Gary Ming | 0-0: Swinging Strike 0-1: Foul Ball, location: 2F
 0-2: Ball
 1-2: Ball
 2-2: Strikes out swinging
 |  
		| Bottom of the 7th over - 0 runs, 1 hit, 0 errors, 1 left on base; Helena 13 - Ogden 1 |  
	| TOP OF THE 8TH | 
|---|
 
		| Helena Brewers batting - Pitching for Ogden Raptors : RHP Bob Magana |  
		| Batting: RHB Nick Cummings | 0-0: Called Strike 0-1: Foul Ball, location: 2F
 0-2: Ball
 1-2: Strikes out swinging
 |  
		| Batting: SHB Mike Williams | 0-0: DOUBLE  (Flyball, 8RXD, EV 111.9 MPH) |  
		| Batting: LHB Gabe Harvey | 0-0: SINGLE  (Groundball, 4MD, EV 103.8 MPH) Mike Williams to third
 |  
		| Batting: SHB Craig Wright | 0-0: Swinging Strike 0-1: Ball
 1-1: Ball
 2-1: Called Strike
 2-2: Strikes out swinging
 |  
		| Batting: RHB Ben Taylor | 0-0: DOUBLE  (Groundball, 5L, EV 97.5 MPH) Mike Williams scores
 Gabe Harvey to third
 Runner from 3rd tries for Home, SAFE, no throw by LF
 |  
		| Batting: LHB Pablo Cardona | 0-0: Ball 1-0: Called Strike
 1-1: Ground out 4-3 (Groundball, 4M, EV 78.1 MPH)
 |  
		| Top of the 8th over - 2 runs, 3 hits, 0 errors, 1 left on base; Helena 15 - Ogden 1 |  
	| BOTTOM OF THE 8TH | 
|---|
 
		| Ogden Raptors batting - Pitching for Helena Brewers : RHP Addick Huiberts |  
		| Batting: RHB Junro Kato | 0-0: Ball 1-0: Swinging Strike
 1-1: Ball
 2-1: Ground out 6-3 (Groundball, 6, EV 81.2 MPH)
 |  
		| Pitching: RHP Ernie Borden |  |  
		| Batting: LHB Mike Dickinson | 0-0: Ball 1-0: Ball
 2-0: Ball
 3-0: Base on Balls
 |  
		| Batting: LHB Mitchell Casey | 0-0: Called Strike 0-1: Ball
 1-1: Ball
 2-1: Ball
 3-1: Base on Balls
 Mike Dickinson to second
 |  
		| Batting: LHB Stephen Van Raalte | 0-0: Called Strike 0-1: Ball
 1-1: Ball
 2-1: Ball
 3-1: Foul Ball, location: 2F
 3-2: Base on Balls
 Mike Dickinson to third
 Mitchell Casey to second
 |  
		| Batting: RHB Kevin Ezell | 0-0: Ball 1-0: Ball
 Wild Pitch!
 Mike Dickinson scores
 Mitchell Casey to third
 Stephen Van Raalte to second
 2-0: Ball
 3-0: Called Strike
 3-1: Base on Balls
 |  
		| Batting: RHB Luis Hinostroza | 0-0: Called Strike 0-1: SINGLE  (Groundball, 34D, EV 95.0 MPH)
 Mitchell Casey scores
 Stephen Van Raalte to third
 Kevin Ezell to second
 |  
		| Batting: SHB Josh Vaill | 0-0: Ball 1-0: Ball
 2-0: Called Strike
 2-1: Called Strike
 2-2: Strikes out swinging
 |  
		| Batting: SHB Darius Vinson | 0-0: Ball 1-0: Foul Ball, location: 2F
 1-1: DOUBLE  (Flyball, 78XD, EV 88.8 MPH)
 Stephen Van Raalte scores
 Kevin Ezell scores
 Luis Hinostroza to third
 Runner from 3rd tries for Home, SAFE, throw by LF to home
 |  
		| Pitching: RHP Alejandro Souto |  |  
		| Batting: RHB Gary Ming | 0-0: Ball 1-0: Ball
 2-0: Ball
 3-0: Base on Balls
 |  
		| Batting: RHB Junro Kato | 0-0: Ball 1-0: Foul Ball, location: 2F
 1-1: Swinging Strike
 1-2: Ball
 2-2:  3-RUN HOME RUN  (Flyball, 7D, EV 96.2 MPH), Distance : 399 ft
 |  
		| Batting: LHB Mike Dickinson | 0-0: Called Strike 0-1: Ball
 1-1: Ground out 5-3 (Groundball, 56, EV 101.9 MPH)
 |  
		| Bottom of the 8th over - 8 runs, 3 hits, 0 errors, 0 left on base; Helena 15 - Ogden 9 |  
	| TOP OF THE 9TH | 
|---|
 
		| Helena Brewers batting - Pitching for Ogden Raptors : RHP Bob Magana |  
		| Batting: RHB Dustin Pryor | 0-0: Foul Ball, location: 2F 0-1: SINGLE  (Groundball, 6M, EV 86.9 MPH) (infield hit)
 |  
		| Batting: LHB Umar Matoub | 0-0: Ball Dustin Pryor steals 2nd base
 1-0: Foul Ball, location: 2F
 1-1: Ball
 2-1: SINGLE  (Groundball, 4MD, EV 103.1 MPH)
 Dustin Pryor to third
 Runner from 3rd tries for Home, SAFE, throw by CF to home
 Umar Matoub to second
 |  
		| Batting: RHB Juan Villanueva | 0-0: Ground out 5-3 (Groundball, 56, EV 91.2 MPH) |  
		| Batting: RHB Nick Cummings | 0-0: Foul Ball, location: 2F 0-1: Ground out 6-3 (Groundball, 6, EV 86.2 MPH)
 |  
		| Batting: SHB Mike Williams | 0-0: Ball Passed Ball!
 Umar Matoub to third
 1-0: Ball
 2-0: Called Strike
 2-1: Called Strike
 2-2: Ball
 3-2: Foul Ball, location: 2F
 3-2: Base on Balls
 |  
		| Batting: LHB Gabe Harvey | 0-0: Ball 1-0: Swinging Strike
 1-1: Ball
 2-1: Ball
 3-1: Base on Balls
 Mike Williams to second
 |  
		| Batting: SHB Craig Wright | 0-0: Called Strike 0-1: Foul Ball, location: 2F
 0-2: Ball
 1-2:  Fly out, F5  (Flyball, 56D, EV 91.2 MPH)
 |  
		| Top of the 9th over - 1 run, 2 hits, 0 errors, 3 left on base; Helena 16 - Ogden 9 |  
	| BOTTOM OF THE 9TH | 
|---|
 
		| Ogden Raptors batting - Pitching for Helena Brewers : RHP Alejandro Souto |  
		| Batting: LHB Mitchell Casey | 0-0: Ball 1-0: Called Strike
 1-1:  Fly out, F7  (Flyball, 78D, EV 99.4 MPH)
 |  
		| Batting: LHB Stephen Van Raalte | 0-0: Called Strike 0-1: Ball
 1-1: Ground out 5-3 (Groundball, 6, EV 88.1 MPH)
 |  
		| Batting: RHB Kevin Ezell | 0-0: Ball 1-0: Ball
 2-0: Ground out 6-3 (Groundball, 6, EV 85.0 MPH)
 |  
		| Bottom of the 9th over - 0 runs, 0 hits, 0 errors, 0 left on base; Helena 16 - Ogden 9 |  |